 Dungeon Crawl Stone Soup version 0.24-a0-810-gb7a8766 (webtiles) character file.

Game seed: 10980055676509939837, levelgen mode: deterministic

244 DrEnzyme the Sneak (level 6, 0/33 HPs)
             Began as a Vine Stalker Wanderer on Oct 10, 2019.
             Succumbed to a killer bee's poison
             ... on level 3 of the Dungeon.
             The game lasted 00:06:53 (2448 turns).

DrEnzyme the Sneak (Vine Stalker Wanderer)          Turns: 2448, Time: 00:06:54

Health: 0/33       AC:  5    Str: 14    XL:     6   Next: 10%
Magic:  0/7        EV: 12    Int: 17    God:
Gold:   100        SH:  0    Dex: 16    Spells: 5/5 levels left

rFire    . . .     SeeInvis .   a - +2 falchion
rCold    . . .     Gourm    .   (no shield)
rNeg     . . .     Faith    .   p - +0 leather armour
rPois    .         Spirit   +   i - +1 helmet
rElec    .         Reflect  .   (no cloak)
rCorr    .         Harm     .   (no gloves)
MR       .....                  (no boots)
Stlth    +++.......             (no amulet)
HPRegen  0.51/turn              (no ring)
MPRegen  0.10/turn              (no ring)

@: brilliant, lethally poisoned (0 -> -9)
A: fangs 2, regeneration 1, magic shield, antimagic bite, no potion heal 3, rot
immunity
a: no special abilities


You were on level 3 of the Dungeon.
You were not hungry.

You visited 1 branch of the dungeon, and saw 3 of its levels.

You collected 100 gold pieces.

Inventory:

Hand Weapons
 a - a +2 falchion (weapon)
 d - a +0 dagger
Missiles
 h - 17 poisoned darts (quivered)
Armour
 c - a +0 robe
 i - a +1 helmet (worn)
 n - a +0 helmet
 p - a +0 leather armour (worn)
Scrolls
 g - 3 scrolls of remove curse
Comestibles
 f - 5 rations
 k - a chunk of flesh


   Skills:
 + Level 3.8 Fighting
 + Level 3.0 Long Blades
 + Level 1.5 Throwing
 + Level 0.7 Armour
 + Level 1.5 Dodging
 * Level 5.0 Stealth
 + Level 1.0 Unarmed Combat


You had 5 spell levels left.
You didn't know any spells.
Your spell library was empty.

Dungeon Overview and Level Annotations

Branches:
Dungeon (3/15)

Altars:
Cheibriados
Hepliaklqana
Ru
Uskayaw
Yredelemnul

Annotations:
D:2 exclusion: downstairs


Innate Abilities, Weirdness & Mutations

You have extremely sharp teeth.
Your natural rate of healing is unusually fast.
When hurt, damage is shared between your health and your magic reserves.
Your bite disrupts and absorbs the magic of your enemies.
Potions cannot restore your health.
You are immune to rotting.


Message History

The killer bee is moderately wounded.
The killer bee stings you.
You are poisoned.
The killer bee poisons you! The killer bee stings you.
* * * LOW HITPOINT WARNING * * *
You are more poisoned.
The killer bee poisons you! The killer bee stings you.
* * * LOW HITPOINT WARNING * * *
You are lethally poisoned!
The killer bee poisons you!
You hit the killer bee.
The killer bee is heavily wounded.
* * * LOW HITPOINT WARNING * * *
You feel very sick. The killer bee barely misses you.
The killer bee stings you.
* * * LOW HITPOINT WARNING * * *
You hit the killer bee but do no damage.
Your bite misses the killer bee.
The killer bee is heavily wounded.
You die...

#...#.#.##......#....##..#
#.#.#...........#....##..#
###.#####.##......#........#
....#.....##......#....###.#
#####.######......#....# .#
......# ####.###....###.##
####### #.# #[.........
#.###....###.# #
#.@y.....###.#...#
########..........
#.#..._..## #.#.._8_...
#.#..._..## #.##.....# #..
....... ### #######


You could see a killer bee.

Vanquished Creatures
  A killer bee (D:2)
  An orc priest (D:3)
  An iguana (D:3)
  Robin (D:2)
  4 adders
  An ooze (D:2)
  A worm (D:2)
  2 dart slugs
  2 leopard geckos (D:1)
  3 orcs (D:3)
  5 bats
  3 giant cockroaches
  18 goblins
  14 hobgoblins
  3 jackals (D:1)
  7 kobolds
  A quokka (D:3)
  6 frilled lizards
  8 rats
82 creatures vanquished.

Notes
Turn   | Place    | Note
-------+----------+-------------------------------------------
     0 | D:1      | DrEnzyme the Vine Stalker Wanderer began the quest for the
                  | Orb.
     0 | D:1      | DrEnzyme set off with the following items: a +2 falchion, 2
                  | potions of lignification, a +0 robe, a +0 dagger, a ration
     0 | D:1      | Reached XP level 1. HP: 11/11 MP: 2/2
   276 | D:1      | Reached XP level 2. HP: 16/16 MP: 3/3
   293 | D:1      | Reached skill level 3 in Stealth
   708 | D:1      | Reached XP level 3. HP: 20/20 MP: 4/4
  1088 | D:2      | Found a snail-covered altar of Cheibriados.
  1145 | D:2      | Gained mutation: Your natural rate of healing is unusually
                  | fast. [Vine Stalker growth]
  1145 | D:2      | Reached XP level 4. HP: 18/24 MP: 5/5
  1386 | D:2      | Noticed Robin
  1686 | D:2      | Killed Robin
  1686 | D:2      | Reached skill level 4 in Stealth
  1686 | D:2      | Reached XP level 5. HP: 26/28 MP: 6/6
  2359 | D:3      | Reached XP level 6. HP: 29/33 MP: 5/7
  2378 | D:3      | Reached skill level 5 in Stealth
  2398 | D:3      | Found a basalt altar of Yredelemnul.
  2404 | D:3      | Found a sacrificial altar of Ru.
  2404 | D:3      | Found a hide-covered altar of Uskayaw.
  2405 | D:3      | Found a hazy altar of Hepliaklqana.
  2447 | D:3      | HP: 1/33 [killer bee (3)]
  2448 | D:3      | Succumbed to a killer bee's poison

Levels and vault maps discovered:
D:1:      wander_arrival_fairy_ring, layout_basic
D:2:      layout_loops_ring, nicolae_overflow_hidden_temple,
          cheibriados_altar_1, uniq_robin
D:3:      layout_basic, grunt_temple_overflow_opulence,
          chequers_temple_overflow_statue_of_worship, portal_sewer_entry_b

Skill      XL: |  1  2  3  4  5  6 |
---------------+-------------------+-----
Stealth        | 3 4 5 |  5.0
Fighting       | 3 |  3.8
Long Blades    | 2 3 |  3.0
Throwing       | |  1.5
Armour         | |  0.7
Dodging        | |  1.5
Unarmed Combat | |  1.0

Action                   |  1- 3 |  4- 6 || total
-------------------------+-------+-------++-------
Melee: Falchion          |    73 |   121 ||   194
       Bite              |    15 |    24 ||    39
       Punch             |     1 |     1 ||     2
Throw: Dart              |       |    36 ||    36
  Use: Scroll            |       |     7 ||     7
       Potion            |       |     5 ||     5
 Stab: Sleeping          |       |    12 ||    12
  Eat: Chunk             |     1 |     4 ||     5
Armor: Robe              |     8 |       ||     8
       Leather armour    |     2 |    32 ||    34
       Skin              |       |    36 ||    36
Dodge: Dodged            |    51 |    84 ||   135
       Rpst.: Falchion   |    10 |    27 ||    37

Table legend:
 A = Non-vault XP
 B = Vault XP
 C = Vault XP percentage of total XP
 D = Non-vault monster count
 E = Vault monster count
 F = Vault count percentage of total count
                 A         B        C        D         E       F
            +---------+---------+-------+---------+---------+-------
      Total |     310 |      39 |  11.2 |      69 |      13 |  15.9
            +---------+---------+-------+---------+---------+-------
        D:1 |      46 |       0 |   0.0 |      24 |       0 |   0.0
        D:2 |     157 |      39 |  19.9 |      33 |      13 |  28.3
        D:3 |     107 |       0 |   0.0 |      12 |       0 |   0.0
            +---------+---------+-------+---------+---------+-------
